 Dungeon Crawl Stone Soup version 0.27-a0-1105-g946c659c87 (webtiles) character file.

Game seed: 11433769594720274666

94 DogServant the Magician (level 4, 0/34 HPs)
             Began as a Djinni Earth Elementalist on Apr 29, 2021.
             Shot with a stone by a goblin (1 damage)
             ... led by Robin
             ... on level 3 of the Dungeon.
             The game lasted 00:07:00 (4691 turns).

DogServant the Magician (Djinni Earth Elementalist) Turns: 4691, Time: 00:07:01

Health: 0/34       AC:  2    Str:  7    XL:     4   Next: 63%
Gold:   177        EV: 16    Int: 18    God:
                   SH:  0    Dex: 13

rFire    + + .     SeeInvis .   m - +1 whip (elec)
rCold    x . .     Faith    .   (no shield)
rNeg     . . .     Spirit   .   c - +0 robe
rPois    ∞         Reflect  .   (no helmet)
rElec    .         Harm     .   (no cloak)
rCorr    .         Rampage  .   (no gloves)
Will     .....                  (boots unavailable)
Stlth    ++........             (no amulet)
HPRegen  0.11/turn              e - +4 ring of evasion
MPRegen  0.00/turn              (no ring)

@: brilliant, weak-willed, flying
A: fire resistance 2, cold vulnerability 1, float, innate caster, hp casting,
extra vitality 1
a: no special abilities


You were on level 3 of the Dungeon.
You visited 1 branch of the dungeon, and saw 4 of its levels.

You collected 177 gold pieces.

Inventory:

Hand Weapons
 a - a +0 dagger
 i - a +0 short sword
 m - a +1 whip of electrocution (weapon)
Missiles
 b - 119 stones
Armour
 c - a +0 robe (worn)
Jewellery
 e - a +4 ring of evasion (left hand)
 g - a ring of ice
 h - a ring of resist corrosion
 k - a ring of see invisible
Scrolls
 d - 3 scrolls of identify
 j - 3 scrolls of enchant armour


   Skills:
 + Level 2.6 Fighting
 + Level 1.0 Maces & Flails
 - Level 2.2 Dodging
 - Level 1.5 Stealth
 + Level 3.4 Spellcasting


You couldn't memorise any spells.
You knew the following spells:

 Your Spells              Type           Power      Damage    Failure   Level
a - Sandblast             Erth           46%        2d11      3%          1
b - Passwall              Tmut/Erth      19%        N/A       5%          2
c - Stone Arrow           Conj/Erth      46%        3d9       11%         3
d - Petrify               Tmut/Erth      23%        N/A       36%         4
e - Lee's Rapid Deconstr  Erth           11%        3d9*      71%         5
f - Freeze                Ice            92%        1d10      3%          1
Your spell library was empty.

Dungeon Overview and Level Annotations

Branches:
Dungeon (4/15)
 Temple: D:4-7

Altars:

Shops:
D:3 :

Annotations:
D:2 1 runed translucent door, Crazy Yiuf
D:4 Eustachio, Robin


Innate Abilities, Weirdness & Mutations

You are immune to poison.
Your flesh is very heat resistant. (rF++)
You are vulnerable to cold. (rC-)
You float through the air rather than walking.
You learn spells naturally, not from books.
Your magical power is your life essence.
You have superior vitality. (+4 HP)


Message History

You are very lightly contaminated with residual magic.
Nothing appears to happen.
The ogre misses you.
Casting: Passwall (safe; 5% risk of failure)
Confirm with . or Enter, or press ? or * to list all spells.
Aiming: Passwall (safe; 5% risk of failure)
Press: ? - help, Dir - move target A rock wall.
The goblin shoots a stone.
The stone hits you. The ogre barely misses you.
You begin to meditate on the wall.
You continue meditating on the rock.
The goblin shoots a stone.
The stone hits you. The ogre closely misses you.
You continue meditating on the rock.
The goblin shoots a stone.
The stone barely misses you.
You finish merging with the rock.
An ogre opens the door.
The goblin shoots a stone.
The stone barely misses you.
There is an open door here.
As you read the scroll labelled CES HEAMYSK, it crumbles to dust.
It is a scroll of identify.
j - 3 scrolls of enchant armour The goblin shoots a stone.
The stone hits you but does no damage.
Your magical contamination has completely faded away.
As you read the scroll labelled ESARRE DUALI, it crumbles to dust.
Magic quickly surges around you.
It was a scroll of vulnerability.
The goblin shoots a stone.
The stone closely misses you.
As you read the scroll labelled GORO LECIRA, it crumbles to dust.
It is a scroll of amnesia.
You feel forgetful for a moment.
The goblin shoots a stone.
The stone hits you.
Okay, then.
It was a potion of brilliance.
You feel clever all of a sudden. The ogre hits you with a +0 giant club!
* * * LOW HITPOINT WARNING * * *
You aren't carrying any potions.
The goblin unwields a +0 hunting sling.
The goblin wields a +0 club.
The goblin barely misses you. The goblin misses you.
The goblin closely misses you.
The goblin unwields a +0 club.
The goblin wields a +0 hunting sling.
The goblin shoots a stone.
The stone hits you.
You die...

#>............# #.###########.#
#.# #.# #.# #.# #.# #.# ### #.#
#.####'## ###### #.# #.......#
#....# #.# #.......# #....# #.#
#.@.O...# #....#
#.###########.##g#'#######....#
#.##......)>...................
#.#......)#))..<..............)
#.#........#######.######.....#
###.#........#######.# #....##
....#................# #....#
#####........######### #....#
#..............# #....##


You could see an ogre (weak-willed) and a goblin (weak-willed).

Vanquished Creatures
  An adder (D:2)
  2 dart slugs
  2 worms
  5 ball pythons
  5 endoplasms
  A giant cockroach (D:3)
  10 goblins
  10 hobgoblins
  3 jackals (D:3)
  5 quokkas
  10 bats
  2 frilled lizards
  4 kobolds
  9 rats
69 creatures vanquished.

Notes
Turn   | Place    | Note
-------+----------+-------------------------------------------
     0 | D:1      | DogServant the Djinni Earth Elementalist began the quest
                  | for the Orb.
     0 | D:1      | Reached XP level 1. HP: 15/15 MP: 0/0
   357 | D:1      | Reached XP level 2. HP: 19/22 MP: 0/0
   358 | D:1      | Reached skill level 1 in Fighting
   461 | D:1      | Reached skill level 3 in Spellcasting
  1595 | D:2      | Reached XP level 3. HP: 27/27 MP: 0/0
  1595 | D:2      | Learned a level 1 spell: Freeze
  2178 | D:2      | Found a runed translucent door.
  2179 | D:2      | Noticed Crazy Yiuf
  2473 | D:2      | Found a faded altar of an unknown god.
  2828 | D:3      | Found Veleuh's Book Shop.
  3087 | D:3      | Reached XP level 4. HP: 34/34 MP: 0/0
  3845 | D:4      | Noticed Robin
  4164 | D:3      | Reached skill level 1 in Maces & Flails
  4364 | D:4      | Noticed an ogre
  4653 | D:4      | Noticed Eustachio
  4687 | D:3      | HP: 1/34 [ogre/+0 giant club (10)]
  4691 | D:3      | Shot with a stone by a goblin

Illustrated notes

Levels and vault maps discovered:
D:1:      dpeg_arrival_short_road, layout_basic
D:2:      layout_loops_ring, hellmonk_ecumenical_altar_lost_god, minmay_between,
          uniq_crazy_yiuf_cottage
D:3:      layout_basic, serial_shops, shop, minmay_misc_feat_secret_circle
D:4:      layout_cave_pools, minmay_temple_entry_sparse_star, uniq_edmund,
          uniq_robin, uniq_eustachio

Skill      XL: |  1  2  3  4 |
---------------+-------------+-----
Fighting       | 1 2 |  2.6
Spellcasting   | 3 |  3.4
Maces & Flails | 1 |  1.0
Dodging        | |  2.2
Stealth        | |  1.5

Action                   |  1- 3 |  4- 6 || total
-------------------------+-------+-------++-------
Melee: Unarmed           |     1 |       ||     1
       Dagger            |    30 |       ||    30
       Short sword       |    39 |       ||    39
       Whip              |    23 |    71 ||    94
 Cast: Sandblast         |    19 |     3 ||    22
       Stone Arrow       |     3 |     6 ||     9
       Passwall          |       |     1 ||     1
  Use: Scroll            |       |     3 ||     3
       Potion            |       |     1 ||     1
 Stab: Sleeping          |     8 |     1 ||     9
       Distracted        |       |     1 ||     1
Armor: Robe              |    31 |    13 ||    44
Dodge: Dodged            |    72 |    99 ||   171

Table legend: (Time is in decaauts)
 A = Elapsed time spent in this place.
 B = Non-inter-level travel time spent in this place.
 C = Inter-level travel time spent in this place.
 D = Time resting spent in this place.
 E = Time spent auto-exploring this place.
 F = Levels seen in this place.
 G = Mean time per level.
                   A        B        C        D        E       F      G
               +--------+--------+--------+--------+--------+-----+--------+
         Total |   4702 |   4508 |    194 |   1056 |   2968 |   4 | 1175.5 |
       Dungeon |   4702 |   4508 |    194 |   1056 |   2968 |   4 | 1175.5 |
               +--------+--------+--------+--------+--------+-----+--------+

Top non-repeatable levels by time:
     D:3: 1878 daAuts
     D:1: 1554 daAuts
     D:2: 1256 daAuts
     D:4: 12 daAuts
